 Dungeon Crawl Stone Soup version 0.25-a0-424-g80bd347ae0 (webtiles) character file.

Game seed: 17771066691794370168, levelgen mode: deterministic

1867 Nattfarinn the Summoner (level 9, -4/46 HPs)
             Began as a Tengu Summoner on Jan 22, 2020.
             Was a Priest of Hepliaklqana.
             Slain by an ogre
             ... wielding a +0 giant club
              (27 damage)
             ... on level 7 of the Dungeon.
             The game lasted 00:19:35 (6776 turns).

Nattfarinn the Summoner (Tengu Summoner)            Turns: 6776, Time: 00:19:35

Health: -4/46      AC:  5    Str: 15    XL:     9   Next: 13%
Magic:  2/13       EV: 17    Int: 22    God:    Hepliaklqana [***...]
Gold:   365        SH:  0    Dex: 14    Spells: 2/12 levels left

rFire    . . .     SeeInvis .   l - +4 dagger
rCold    . . .     Gourm    .   (no shield)
rNeg     . . .     Faith    .   z - +2 robe "Uwkushunk" {rElec Int+4}
rPois    .         Spirit   .   (helmet restricted)
rElec    +         Reflect  .   (no cloak)
rCorr    .         Harm     .   (no gloves)
MR       .....                  (boots unavailable)
Stlth    ++........             (no amulet)
HPRegen  0.15/turn              d - +5 ring of strength
MPRegen  0.13/turn              y - +1 ring of protection

@: hasted, very quick
A: reduced essence, beak, talons 3, able to fly
a: Fly, Recall Ancestor, Ancestor Identity, Transference, Renounce Religion


You were on level 7 of the Dungeon.
You worshipped Hepliaklqana.
Hepliaklqana was most pleased with you.
You were very hungry.

You visited 2 branches of the dungeon, and saw 8 of its levels.

You collected 365 gold pieces.

Inventory:

Hand Weapons
 b - a +0 club
 l - a +4 dagger (weapon)
Missiles
 m - 6 datura-tipped darts (quivered)
Armour
 a - a +0 robe
 j - a +2 robe of the Archmagi
 k - a +1 animal skin
 z - the +2 robe "Uwkushunk" (worn) {rElec Int+4}
   (You found it on level 5 of the Dungeon)

   It affects your intelligence (+4).
   It insulates you from electricity.
Jewellery
 d - a +5 ring of strength (left hand)
 y - a +1 ring of protection (right hand)
Wands
 w - a wand of enslavement (8)
Scrolls
 e - 4 scrolls of amnesia {unknown}
 f - 3 scrolls of remove curse {unknown}
 g - 3 scrolls of identify
 i - a scroll of magic mapping {unknown}
 p - a scroll of enchant weapon {unknown}
 q - 3 scrolls of teleportation {unknown}
 B - a scroll of enchant armour {unknown}
Potions
 h - a potion of berserk rage {unknown}
 o - a potion of curing {unknown}
 r - 2 potions of agility
 s - 2 potions of lignification {unknown}
 t - 2 potions of invisibility {unknown}
 u - a potion of flight {unknown}
 v - a potion of brilliance {unknown}
 x - a potion of heal wounds {unknown}
Comestibles
 c - 8 rations


   Skills:
 * Level 4.6 Fighting
 + Level 8.7 Dodging
 - Level 2.0 Stealth
 - Level 2.0 Spellcasting
 * Level 9.2 Summonings
 - Level 3.4 Air Magic


You had 2 spell levels left.
You knew the following spells:

 Your Spells              Type           Power        Failure   Level  Hunger
a - Summon Small Mammal   Summ           ####         1%          1    #......
b - Call Imp              Summ           #####...     1%          2    ##.....
c - Call Canine Familiar  Summ           #####...     1%          3    ###....
d - Summon Lightning Spi  Summ/Air       ####....     10%         4    #####..

Your spell library contained the following spells:

 Spells                   Type           Power        Failure   Level  Hunger
 Beastly Appendage        Tmut           #.....       14%         1    #......
 Sticks to Snakes         Tmut           #.......     21%         2    ##.....
 Summon Guardian Golem    Hex/Summ       ###.....     6%          3    ###....
 Summon Ice Beast         Ice/Summ       ###.....     21%         4    #####..
 Confusing Touch          Hex            #.......     38%         3    ###....
 Gell's Gravitas          Tloc           #.........   38%         3    ###....
 Spider Form              Tmut/Pois      #.........   38%         3    ###....
 Ice Form                 Ice/Tmut       #.......     80%         4    #####..
 Petrify                  Tmut/Erth      #.......     80%         4    #####..
 Blade Hands              Tmut           #.........   98%         5    ######.
 Metabolic Englaciation   Hex/Ice        #.........   98%         5    ######.
 Yara's Violent Unravell  Hex/Tmut       #.........   98%         5    ######.


Dungeon Overview and Level Annotations

Branches:
Dungeon (7/15)             Temple (1/1) D:4

Altars:
Dithmenos
Elyvilon
Fedhas
Gozag
Hepliaklqana
Nemelex Xobeh
Okawaru
Qazlal
Trog
Uskayaw
Vehumet
Wu Jian
Xom
Yredelemnul
The Shining One

Annotations:
D:2 1 runed translucent door, Crazy Yiuf
D:3 2 transporters
D:6 1 runed translucent door, StormFighter's ghost, novice HuFi


Innate Abilities, Weirdness & Mutations

You have a beak for a mouth.
You have claws for feet.
You can fly continuously.
Your life essence is reduced to manifest your ancestor. (-10% HP)


Message History

Your wolf barely misses the ogre.
The ogre misses your wolf.
Your wolf bites the ogre.
The ogre hits your wolf with a +0 giant club!!
Your wolf dies!
Your wolf's corpse disappears in a puff of smoke!
The ogre closely misses your crimson imp.
The ogre hits your crimson imp with a +0 giant club!!
Your crimson imp dies!
The ogre refuses to make way for you. (Use ctrl+direction or * direction to attack.)
The ogre refuses to make way for you. (Use ctrl+direction or * direction to attack.)
The ogre refuses to make way for you. (Use ctrl+direction or * direction to attack.) Unknown command.
The ogre hits you with a +0 giant club!!
Ouch! That really hurt!
The ogre misses you.
Okay, then.
You feel yourself speed up.
The ogre hits you with a +0 giant club!!
Ouch! That really hurt!
You die...

#.#.#.# #####.#.#.#
.<...#...#+######
#$.............#
#..............#
#...........?..#
#..............#
####...O...<......#
...)....@..........#
#####..........(...#
.......############
####.### ... ####


You could see a neutral ogre (insane).

Vanquished Creatures
  A water moccasin (D:6)
  A black bear (D:6)
  Blork the orc (D:5)
  A scorpion (D:4)
  A centaur zombie (D:5)
  A bullfrog zombie (D:6)
  A crimson imp (D:6)
  A hound (D:5)
  An orc wizard (D:3)
  An iguana (D:4)
  Jessica (D:2)
  2 worker ants
  3 adders
  A howler monkey skeleton (D:6)
  2 oozes
  An adder skeleton (D:6)
  4 dart slugs (D:1)
  4 leopard geckos
  8 orcs
  10 bats
  3 giant cockroaches
  13 goblins
  6 hobgoblins
  5 jackals
  A quokka (D:4)
  3 ball pythons
  4 frilled lizards
  2 kobolds
  A leopard gecko skeleton (D:4)
  A leopard gecko zombie (D:6)
  2 quokka zombies (D:5)
  7 rats
94 creatures vanquished.

Vanquished Creatures (collateral kills)
  A hippogriff (D:6)
  Sigmund (D:2)
  Menkaure (D:5)
  Duvessa (D:5)
  An orc warrior (D:6)
  A black bear (D:6)
  A sky beast (D:5)
  4 ogres
  Dowan (D:5)
  A water moccasin skeleton (D:5)
  A howler monkey (D:6)
  2 crimson imps (D:5)
  An orc priest (D:6)
  A hound (D:5)
  3 jellies
  2 orc wizards (D:6)
  A worker ant (D:5)
  A hexer (D:7)
  Robin (D:2)
  An adder (D:3)
  A shadow imp (D:6)
  2 oozes (D:3)
  2 adder skeletons
  A worm (D:3)
  2 dart slugs
  A leopard gecko (D:2)
  10 orcs
  A giant cockroach (D:5)
  8 goblins (D:2)
  3 hobgoblins (D:2)
  A jackal (D:3)
  3 kobolds
  2 quokkas
  2 bats (D:2)
  A frilled lizard (D:5)
67 creatures vanquished.

Vanquished Creatures (others)
  A hexer (D:5)
1 creature vanquished.

Grand Total: 162 creatures vanquished

Notes
Turn   | Place    | Note
-------+----------+-------------------------------------------
     0 | D:1      | Nattfarinn the Tengu Summoner began the quest for the Orb.
     0 | D:1      | Reached XP level 1. HP: 10/10 MP: 4/4
    38 | D:1      | Reached skill level 5 in Summonings
    40 | D:1      | Reached XP level 2. HP: 10/15 MP: 6/6
   795 | D:1      | Reached XP level 3. HP: 19/19 MP: 7/7
  1393 | D:2      | Noticed Jessica
  1401 | D:2      | Killed Jessica
  1401 | D:2      | Reached XP level 4. HP: 16/24 MP: 4/8
  1613 | D:2      | Noticed Robin
  1623 | D:2      | Learned a level 2 spell: Call Imp
  1625 | D:2      | Killed Robin
  1887 | D:2      | Found a runed translucent door.
  1888 | D:2      | Noticed Crazy Yiuf
  1941 | D:2      | Found a hazy altar of Hepliaklqana.
  1956 | D:2      | Became a worshipper of Hepliaklqana the Forgotten
  2062 | D:2      | Noticed Sigmund
  2124 | D:2      | Learned a level 3 spell: Call Canine Familiar
  2178 | D:2      | Killed Sigmund
  2178 | D:2      | Reached skill level 5 in Dodging
  2178 | D:2      | Reached skill level 6 in Summonings
  2178 | D:2      | Gained mutation: You can fly continuously. [Tengu growth]
  2178 | D:2      | Reached XP level 5. HP: 15/25 MP: 4/9
  2178 | D:2      | Reached XP level 6. HP: 17/28 MP: 4/10
  2504 | D:3      | Found an iron altar of Okawaru.
  2771 | D:3      | Found a hide-covered altar of Uskayaw.
  2870 | D:3      | Found a transporter.
  2882 | D:3      | Found a transporter.
  2916 | D:3      | Reached * piety under Hepliaklqana
  3424 | D:4      | Found a staircase to the Ecumenical Temple.
  3447 | Temple   | Entered the Ecumenical Temple
  3456 | D:4      | Found a sparkling altar of Nemelex Xobeh.
  3731 | D:4      | Reached XP level 7. HP: 32/32 MP: 4/11
  3870 | D:4      | Reached ** piety under Hepliaklqana
  3871 | D:4      | Remembered your ancestor Tenoch as a hexer
  3878 | D:4      | Reached skill level 7 in Summonings
  4019 | D:5      | Entered Level 5 of the Dungeon
  4526 | D:5      | Learned a level 4 spell: Summon Lightning Spire
  4526 | D:5      | Noticed Blork the orc
  4560 | D:5      | Killed Blork the orc
  4655 | D:5      | Noticed Menkaure
  5037 | D:5      | Noticed Dowan
  5038 | D:5      | Noticed Duvessa
  5046 | D:5      | Killed Dowan
  5137 | D:5      | Killed Duvessa
  5137 | D:5      | Reached XP level 8. HP: 25/36 MP: 0/12
  5316 | D:5      | Got a bloodstained robe
  5317 | D:5      | Identified the +2 robe "Uwkushunk" {rElec Int+4} (You found
                  | it on level 5 of the Dungeon)
  5387 | D:5      | Found a blossoming altar of Fedhas.
  5412 | D:5      | Reached skill level 1 in Fighting
  5412 | D:5      | Reached skill level 8 in Summonings
  5434 | D:5      | Found a glowing golden altar of the Shining One.
  5557 | D:6      | Reached skill level 1 in Air Magic
  6085 | D:6      | Found a bloodstained altar of Trog.
  6113 | D:6      | Reached *** piety under Hepliaklqana
  6159 | D:6      | Found a runed translucent door.
  6160 | D:6      | Found a shimmering altar of Xom.
  6160 | D:6      | Noticed StormFighter's ghost (novice HuFi)
  6161 | D:6      | Noticed a +2 rapier of chaos
  6166 | D:6      | Noticed a hippogriff
  6181 | D:6      | Killed a hippogriff
  6181 | D:6      | Reached XP level 9. HP: 46/46 MP: 5/13
  6370 | D:6      | Reached skill level 9 in Summonings
  6722 | D:5      | Killed Menkaure
  6776 | D:7      | Slain by an ogre

Levels and vault maps discovered:
D:1:      dpeg_arrival_fog, layout_loops_ring
D:2:      layout_rooms, lemuel_doored_altar, uniq_crazy_yiuf_cottage,
          uniq_robin, uniq_sigmund, uniq_jessica
D:3:      gammafunk_steamed_eel, layout_basic, eat_drink_and_be_merry_uskayaw,
          okawaru_gym_becter
D:4:      layout_gridville, nemelex_xobeh_ov_fountains_minmay,
          minmay_temple_entry_statues_pillars, first_ration
D:5:      minmay_octagon_keep, layout_basic, fedhas_altar_2, kennysheep_mini,
          uniq_menkaure, uniq_blork_the_orc, uniq_duvessa
D:6:      layout_cave_pools, trog_ov_bears_minmay, ebering_ghost_xom,
          hangedman_decor_growths, hangedman_decor_opposing, minivault_14,
          minmay_misc_feat_enclosed, minmay_crystal_room
D:7:      layout_basic, nicolae_overflow_crystal_walls,
          biasface_ghost_orc_armoury, minmay_lizard_king
Temple:   nicolae_temple_x_marks_the_god

Skill      XL: |  1  2  3  4  5  6  7  8  9 |
---------------+----------------------------+-----
Summonings     | 5 6 7 8 9 |  9.2
Dodging        | 3 4 5 6 8 |  8.7
Fighting       | 4 |  4.6
Air Magic      | 3 |  3.4
Stealth        | |  2.0
Spellcasting   | |  2.0

Action                   |  1- 3 |  4- 6 |  7- 9 || total
-------------------------+-------+-------+-------++-------
Melee: Unarmed           |     8 |       |       ||     8
       Club              |    66 |    33 |       ||    99
       Peck              |     9 |    16 |    18 ||    43
       Kick              |    16 |    37 |    30 ||    83
       Dagger            |       |    77 |    98 ||   175
Throw: Dart              |       |       |     1 ||     1
 Cast: Summon Small Mamm |    10 |     5 |       ||    15
       Call Imp          |       |    11 |    14 ||    25
       Call Canine Famil |       |     7 |    16 ||    23
       Summon Lightning  |       |       |     3 ||     3
Invok: Ancestor Life: He |       |       |     1 ||     1
       Recall Ancestor   |       |       |     1 ||     1
  Use: Scroll            |       |     1 |     1 ||     2
       Potion            |       |       |     2 ||     2
 Stab: Sleeping          |     7 |     4 |     1 ||    12
       Distracted        |       |     1 |     2 ||     3
  Eat: Chunk             |     2 |     9 |     8 ||    19
       Ration            |       |       |     1 ||     1
Armor: Robe              |    13 |    15 |    15 ||    43
       Animal skin       |       |     8 |       ||     8
Dodge: Dodged            |    68 |    93 |    67 ||   228

Table legend:
 A = Non-vault XP
 B = Vault XP
 C = Vault XP percentage of total XP
 D = Non-vault monster count
 E = Vault monster count
 F = Vault count percentage of total count
                 A         B        C        D         E       F
            +---------+---------+-------+---------+---------+-------
      Total |    1629 |    1039 |  38.9 |     129 |      31 |  19.4
            +---------+---------+-------+---------+---------+-------
        D:1 |      58 |       0 |   0.0 |      26 |       0 |   0.0
        D:2 |      35 |     281 |  88.9 |      24 |      15 |  38.5
        D:3 |     118 |       0 |   0.0 |      23 |       0 |   0.0
        D:4 |     222 |       0 |   0.0 |      16 |       0 |   0.0
        D:5 |     299 |     555 |  65.0 |      12 |      14 |  53.8
        D:6 |     897 |     203 |  18.5 |      28 |       2 |   6.7
            +---------+---------+-------+---------+---------+-------
